 Dungeon Crawl Stone Soup version 0.17-a0-1403-g9df874c (webtiles) character file.

104 Kisielow the Chopper (level 4, -1/40 HPs)
             Began as a Hill Orc Fighter on June 20, 2015.
             Slain by Grinder (4 damage)
             ... on level 3 of the Dungeon.
             The game lasted 00:05:08 (1675 turns).

Kisielow the Chopper (Hill Orc Fighter)             Turns: 1675, Time: 00:05:09

Health: -1/40      AC:  8    Str: 24    XL:     4   Next: 80%
Magic:  4/4        EV:  7    Int:  8    God:
Gold:   153        SH:  9    Dex: 10    Spells: 0 memorised, 3 levels left

rFire  . . .     SeeInvis .     a - +0 war axe
rCold  . . .     Clarity  .     b - +0 scale mail
rNeg   . . .     SustAt   .     m - +0 shield (curse)
rPois  .         Gourm    +     u - +0 helmet
rElec  .         Spirit   .     (no cloak)
rCorr  .         Warding  .     (no gloves)
rMut   .         Stasis   .     (no boots)
MR     .....                    t - amulet of the gourmand
Stlth  ..........               (no ring)
                                (no ring)

@: mighty, not resistant to hostile enchantments, extremely unstealthy
A: no striking features
a: no special abilities


You were on level 3 of the Dungeon.
You were very full.

You visited 1 branch of the dungeon, and saw 3 of its levels.

You collected 153 gold pieces.

Inventory:

Hand weapons
 a - a +0 war axe (weapon)
Armour
 b - a +0 scale mail (worn)
 m - a cursed +0 shield (worn)
 u - a +0 helmet (worn)
Jewellery
 t - an amulet of the gourmand (around neck)
 v - an uncursed ring of fire
Scrolls
 c - 2 scrolls of identify {unknown}
 f - a scroll of fog {unknown}
 i - 2 scrolls of enchant armour {unknown}
 k - 3 scrolls of enchant weapon {unknown}
 l - a scroll of teleportation {unknown}
 r - a scroll of immolation {unknown}
 s - a scroll of remove curse {unknown}
 x - a scroll of noise {unknown}
Potions
 n - a potion of brilliance {unknown}
 o - a potion of lignification {unknown}
 p - 3 potions of curing {unknown}
 q - 2 potions of mutation {unknown}
 z - 2 potions of haste {unknown}
Books
 j - a book of Ice

   Spells                             Type                      Level
   a - Ice Form                       Ice/Transmutation            4
   b - Metabolic Englaciation         Hexes/Ice                    5
   c - Ozocubu's Refrigeration        Ice                          6
   d - Bolt of Cold                   Conjuration/Ice              6
   e - Freezing Cloud                 Conjuration/Ice/Air          6
   f - Simulacrum                     Ice/Necromancy               6
Comestibles
 e - a bread ration
 g - a fruit
 h - a beef jerky
 w - 2 chunks of flesh


   Skills:
 + Level 4.1 Fighting
 + Level 5.3 Axes
 + Level 3.7 Armour
 + Level 3.6 Shields


You had 3 spell levels left.
You didn't know any spells.

Dungeon Overview and Level Annotations

Branches:
Dungeon (3/15)

Altars:

Annotations:
D:3 Grinder


Message History

You are too injured to fight recklessly!
You are too injured to fight recklessly!
You are too injured to fight recklessly!
You are too injured to fight recklessly!
Drink which item? (? for menu, Esc to quit)
You feel very mighty all of a sudden. Grinder hits you.
* * * LOW HITPOINT WARNING * * *
You writhe in agony.
* * * LOW HITPOINT WARNING * * *
You slash Grinder!
Grinder is almost dead.
Grinder hits you but does no damage.
You barely miss Grinder.
Grinder is almost dead.
Grinder barely misses you. You block Grinder's attack.
You closely miss Grinder.
Grinder is almost dead.
Grinder hits you.
You die...

### #.. ########################
#.### #...............@.......
#.#.. #.###############5......
#.#.# #.# #.......#
.......#####.#.. #.# #.......#
.......#........
#.####.......####.......#.###.#..
........................#.# #.#(.
#.####.......####.......#.###.###
#.# #...........................
#.# #........###.......#.###.#)#


You could see Grinder.

Vanquished Creatures
  Robin (D:2)
  5 adders
  2 giant geckos
  A ball python (D:1)
  2 bats (D:1)
  3 giant cockroaches
  6 hobgoblins
  A quokka (D:3)
  12 goblins
  8 jackals
  A kobold (D:1)
  3 rats
  A fungus (D:1)
46 creatures vanquished.

Notes
Turn   | Place    | Note
--------------------------------------------------------------
     0 | D:1      | Kisielow the Hill Orc Fighter began the quest for the Orb.
     0 | D:1      | Reached XP level 1. HP: 19/19 MP: 1/1
   237 | D:1      | Reached XP level 2. HP: 16/26 MP: 2/2
   490 | D:1      | Reached skill level 4 in Axes
   837 | D:2      | Reached XP level 3. HP: 21/31 MP: 3/3
   991 | D:2      | Reached skill level 5 in Axes
  1067 | D:2      | Noticed Robin
  1071 | D:2      | Reached XP level 4. HP: 37/40 MP: 4/4
  1079 | D:2      | Killed Robin
  1660 | D:3      | Noticed Grinder
  1661 | D:3      | Paralysed by Grinder for 2 turns
  1675 | D:3      | Slain by Grinder

Vault maps used:
D:1:      onia_arrival_mini_maze
D:2:      uniq_robin
D:3:      ashenzari_conservatory_becter, uniq_grinder

Action                   |  1- 3 |  4- 6 || total
-------------------------+-------+-------++-------
Melee: War axe           |    84 |    60 ||   144
  Use: Potion            |       |     1 ||     1
  Eat: Chunk             |     6 |     8 ||    14
